 Dungeon Crawl Stone Soup version 0.24.0-13-gcf9b3192b9 (webtiles) character file.

Game seed: 17644132702108407018, levelgen mode: deterministic

456 Bram the Chiller (level 7, -1/44 HPs)
             Began as a Kobold Ice Elementalist on Nov 8, 2019.
             Slain by an ogre
             ... wielding a +0 giant club
              (14 damage)
             ... on level 3 of the Dungeon.
             The game lasted 00:10:00 (4526 turns).

Bram the Chiller (Kobold Ice Elementalist)          Turns: 4526, Time: 00:10:01

Health: -1/44      AC:  2    Str:  5    XL:     7   Next: 27%
Magic:  9/10       EV: 15    Int: 19    God:
Gold:   128        SH:  0    Dex: 15    Spells: 5/10 levels left

rFire    . . .     SeeInvis .   g - +0 dagger
rCold    . . .     Gourm    .   (shield restricted)
rNeg     . . .     Faith    .   a - +0 robe
rPois    .         Spirit   .   (no helmet)
rElec    .         Reflect  .   (no cloak)
rCorr    .         Harm     .   (no gloves)
MR       .....                  (no boots)
Stlth    +++.......             (no amulet)
HPRegen  0.14/turn              l - ring of flight
MPRegen  0.12/turn              (no ring)

@: no status effects
A: small, carnivore
a: Evoke Flight


You were on level 3 of the Dungeon.
You were very full.

You visited 1 branch of the dungeon, and saw 4 of its levels.

You collected 128 gold pieces.

Inventory:

Hand Weapons
 g - a +0 dagger (weapon)
 o - a +0 hunting sling
Missiles
 i - 103 stones (quivered)
 s - 66 sling bullets
 v - 8 poisoned darts
Armour
 a - a +0 robe (worn)
 t - a +0 shield
Jewellery
 l - a ring of flight (left hand)
 u - an uncursed amulet of harm
Scrolls
 b - 2 scrolls of immolation
 j - a scroll of enchant weapon {unknown}
 k - a scroll of enchant armour {unknown}
 m - a scroll of noise {unknown}
 n - a scroll of fear {unknown}
 p - a scroll of amnesia {unknown}
 q - 2 scrolls of remove curse
 w - a scroll of teleportation {unknown}
Potions
 e - 2 potions of magic
 f - a potion of berserk rage {unknown}
 h - 2 potions of curing {unknown}
 r - 2 potions of haste
Comestibles
 c - 8 rations


   Skills:
 - Level 5.0 Fighting
 - Level 2.4 Dodging
 - Level 4.0 Stealth
 - Level 2.1 Spellcasting
 - Level 1.0 Conjurations
 + Level 5.6 Ice Magic


You had 5 spell levels left.
You knew the following spells:

 Your Spells              Type           Power        Failure   Level  Hunger
a - Freeze                Ice            ###.         1%          1    #......
b - Throw Frost           Conj/Ice       ##....       6%          2    ##.....
c - Ensorcelled Hibernat  Hex/Ice        ##....       8%          2    ##.....

Your spell library contained the following spells:

 Spells                   Type           Power        Failure   Level  Hunger
 Ozocubu's Armour         Chrm/Ice       ##......     16%         3    ###....
 Corona                   Hex            #......      17%         1    #......
 Dazzling Spray           Conj/Hex       #.....       38%         3    ###....
 Throw Icicle             Conj/Ice       ##......     38%         4    #####..
 Confuse                  Hex            #.......     45%         3    ###....
 Tukima's Dance           Hex            #.......     45%         3    ###....
 Summon Ice Beast         Ice/Summ       ##......     45%         4    #####..


Dungeon Overview and Level Annotations

Branches:
Dungeon (4/15)
 Temple: D:4-7

Altars:
Elyvilon
Hepliaklqana
Wu Jian
Xom


Innate Abilities, Weirdness & Mutations

You are small and have problems with some larger weapons.
You are carnivorous and can eat meat at any time.


Message History

Aim: an ogre, wielding a +0 giant club (chance to defeat MR: 43%)
The ogre looks drowsy...
The helpless ogre fails to defend itself.
You puncture the ogre!
The ogre is severely wounded.
The ogre hits you with a +0 giant club!!
* * * LOW HITPOINT WARNING * * *
Unknown command.
Unknown command.
You see here a +0 club.
There is a shimmering altar of Xom here.
Casting: Ensorcelled Hibernation (safe; 8% risk of failure)
Confirm with . or Enter, or press ? or * to list all spells.
Aiming: Freeze (safe; 1% risk of failure)
Press: ? - help, Shift-Dir - straight line, f/p - ogre
Aim: an ogre, wielding a +0 giant club (heavily wounded)
You freeze the ogre!
The ogre is almost dead.
The ogre hits you with a +0 giant club!
You die...

### #.###########
#...........#
#.#########.# #.# #.#
##.### #.# ...[.# #.#
.....# #.#############
.....#######.#.[@O.......#
##.#......##.#.#########.#
#.###.##.##.#.........#.#
#.#>...........######.#.#
#.#.#.##..............#.#
##.#.#.#####.###.####..#.#
...#.#.......# #..# #..#.#
####.######### ##.# #..#.#
# #.#.####.#####.###..#.#
####


You could see an ogre.

Vanquished Creatures
  An ogre (D:4)
  A scorpion (D:4)
  A howler monkey (D:4)
  An orc priest (D:4)
  2 orc wizards
  An iguana (D:4)
  9 adders
  An ooze (D:3)
  2 worms (D:3)
  3 dart slugs
  2 leopard geckos (D:1)
  8 orcs
  3 giant cockroaches
  4 goblins
  7 hobgoblins
  8 jackals
  5 kobolds
  A quokka (D:3)
  7 bats
  3 frilled lizards
  9 rats
79 creatures vanquished.

Notes
Turn   | Place    | Note
-------+----------+-------------------------------------------
     0 | D:1      | Bram the Kobold Ice Elementalist began the quest for the
                  | Orb.
     0 | D:1      | Reached XP level 1. HP: 10/10 MP: 3/3
   185 | D:1      | Reached XP level 2. HP: 15/15 MP: 3/5
   653 | D:1      | Reached XP level 3. HP: 13/20 MP: 3/6
   996 | D:1      | Learned a level 2 spell: Throw Frost
  1047 | D:2      | Reached skill level 1 in Fighting
  1363 | D:2      | Reached XP level 4. HP: 26/26 MP: 5/7
  1588 | D:2      | Found a hazy altar of Hepliaklqana.
  1604 | D:2      | Learned a level 2 spell: Ensorcelled Hibernation
  1868 | D:2      | Found an ornate altar of the Wu Jian Council.
  2262 | D:3      | Found a faded altar of an unknown god.
  2305 | D:3      | Found a white marble altar of Elyvilon.
  2341 | D:2      | Reached XP level 5. HP: 18/31 MP: 1/8
  2928 | D:3      | Found a shimmering altar of Xom.
  3732 | D:3      | Reached XP level 6. HP: 37/37 MP: 9/9
  3819 | D:4      | Noticed an ogre
  4084 | D:4      | Reached skill level 5 in Ice Magic
  4151 | D:4      | Killed an ogre
  4151 | D:4      | Reached XP level 7. HP: 31/44 MP: 2/10
  4417 | D:4      | Reached skill level 5 in Fighting
  4526 | D:3      | Slain by an ogre

Levels and vault maps discovered:
D:1:      minmay_arrival_four_circles, layout_loops_ring, grunt_decor_resistance
D:2:      layout_basic, lemuel_coloured_pillars_altar, lemuel_crystal_altar
D:3:      layout_basic, lemuel_crystal_altar, brannock_xom_greatest_gift,
          chequers_ecumenical_altar_grove, first_ration, roderic_roman_lattice
D:4:      layout_basic, minitemple, led_sif_book, kennysheep_mini,
          portal_sewer_entry_f, uniq_natasha

Skill      XL: |  1  2  3  4  5  6  7 |
---------------+----------------------+-----
Stealth        | 3 4 |  4.0
Fighting       | 1 2 3 4 5 |  5.0
Ice Magic      | 4 5 |  5.6
Dodging        | |  2.4
Spellcasting   | |  2.1
Conjurations   | |  1.0

Action                   |  1- 3 |  4- 6 |  7- 9 || total
-------------------------+-------+-------+-------++-------
Melee: Unarmed           |     7 |       |       ||     7
       Dagger            |    24 |    75 |     3 ||   102
 Cast: Freeze            |    34 |    56 |     8 ||    98
       Ensorcelled Hiber |       |    31 |     5 ||    36
       Throw Frost       |       |     2 |       ||     2
  Use: Scroll            |       |     5 |       ||     5
 Stab: Sleeping          |     3 |    19 |     3 ||    25
  Eat: Chunk             |     6 |    16 |       ||    22
Armor: Robe              |     7 |    14 |       ||    21
Dodge: Dodged            |    57 |    97 |     7 ||   161
